EL
ERIE SEAWOLVES @ TRENTON THUNDER
08/09/2045
 
TOP OF THE 1ST
Erie SeaWolves batting - Pitching for Trenton Thunder : RHP John Robidoux
Pitching: RHP John Robidoux
Batting: SHB Adam Weber 0-0: Ball
1-0: Ball
2-0: Called Strike
2-1: Foul Ball, location: 2F
2-2: DOUBLE (Line Drive, 7LM, EV 103.8 MPH)
Batting: LHB Freddy Troncoso 0-0: Called Strike
0-1: Ball
1-1: Swinging Strike
1-2: Strikes out swinging
Batting: RHB Bill Cabrera 0-0: Ground out 4-3 (Groundball, 4, EV 91.2 MPH)
Adam Weber to third
Batting: RHB Eric Angelle 0-0: Called Strike
0-1: Called Strike
0-2: Foul Ball, location: 2F
0-2: SINGLE (Groundball, 34D, EV 105.6 MPH)
Adam Weber scores
Batting: LHB Takuya Uchida Pickoff Throw to First - Error! E1
Eric Angelle to second
0-0: Ball
1-0: Foul Ball, location: 2F
1-1: Foul Ball, location: 2F
1-2: Strikes out swinging
Top of the 1st over - 1 run, 2 hits, 1 error, 1 left on base; Erie 1 - Trenton 0
BOTTOM OF THE 1ST
Trenton Thunder batting - Pitching for Erie SeaWolves : RHP Branden Maynard
Pitching: RHP Branden Maynard
Batting: SHB Edwin Dominguez 0-0: Fly out, F7 (Flyball, 7LS, EV 85.6 MPH)
Batting: LHB Joel Vera 0-0: Ball
1-0: Ball
2-0: Ball
3-0: Called Strike
3-1: Base on Balls
Batting: LHB Mike DiNardo 0-0: Ball
Joel Vera steals 2nd base
1-0: Called Strike
Joel Vera steals 3rd base
1-1: Called Strike
1-2: Fly out, F7 (Flyball, 7S, EV 70.6 MPH)
Batting: SHB Victor Ruiz 0-0: Ball
1-0: Swinging Strike
1-1: Fly out, F8 (Flyball, 89D, EV 96.9 MPH)
Bottom of the 1st over - 0 runs, 0 hits, 0 errors, 1 left on base; Erie 1 - Trenton 0
TOP OF THE 2ND
Erie SeaWolves batting - Pitching for Trenton Thunder : RHP John Robidoux
Batting: SHB Andy Vivas 0-0: Called Strike
0-1: Ball
1-1: DOUBLE (Line Drive, 5D, EV 97.5 MPH)
Batting: LHB Howie Gutierrez 0-0: Called Strike
0-1: Ball
1-1: Ball
2-1: Foul Ball, location: 2F
2-2: Ball
3-2: Strikes out swinging
Batting: RHB Miguel Nunez 0-0: Ground out 6-3 (Groundball, 6, EV 105.0 MPH)
Batting: RHB Yaremka Rzhevsky 0-0: Foul Ball, location: 2F
0-1: Ball
1-1: Foul Ball, location: 2F
1-2: Ground out 4-3 (Groundball, 4, EV 91.2 MPH)
Top of the 2nd over - 0 runs, 1 hit, 0 errors, 1 left on base; Erie 1 - Trenton 0
BOTTOM OF THE 2ND
Trenton Thunder batting - Pitching for Erie SeaWolves : RHP Branden Maynard
Batting: SHB Blake Abbott 0-0: Called Strike
0-1: Ball
1-1: Swinging Strike
1-2: Ball
2-2: Fly out, F8 (Flyball, 8LXD, EV 91.9 MPH)
Batting: RHB Mike Gifford 0-0: Ball
1-0: Ball
2-0: Ball
3-0: Called Strike
3-1: Base on Balls
Batting: LHB Alexis Montoya 0-0: Called Strike
Mike Gifford steals 2nd, throwing error, E2
Mike Gifford to third
0-1: Ball
1-1: Ball
2-1: Foul Ball, location: 2F
2-2: Foul Ball, location: 2F
2-2: Ball
3-2: Foul Ball, location: 2F
3-2: Strikes out swinging
Batting: LHB Jose Lebron 0-0: Swinging Strike
0-1: Called Strike
0-2: Fly out, F7 (Flyball, 7LM, EV 98.8 MPH)
Bottom of the 2nd over - 0 runs, 0 hits, 1 error, 1 left on base; Erie 1 - Trenton 0
TOP OF THE 3RD
Erie SeaWolves batting - Pitching for Trenton Thunder : RHP John Robidoux
Batting: SHB Adam Weber 0-0: Foul Ball, location: 2F
0-1: Ball
1-1: Ball
2-1: Foul Ball, location: 2F
2-2: Ball
3-2: SINGLE (Flyball, 6D, EV 98.1 MPH)
Batting: LHB Freddy Troncoso 0-0: Ball
Adam Weber steals 2nd base (no throw)
1-0: Swinging Strike
1-1: Called Strike
Adam Weber steals 3rd base (no throw)
1-2: Ball
2-2: SINGLE (Line Drive, 56, EV 99.4 MPH)
Adam Weber scores
Batting: RHB Bill Cabrera 0-0: Ball
1-0: Called Strike
1-1: Ball
Freddy Troncoso steals 2nd base
2-1: Swinging Strike
2-2: Strikes out looking
Batting: RHB Eric Angelle 0-0: Foul Ball, location: 2F
0-1: Swinging Strike
0-2: Ball
1-2: Ball
2-2: Strikes out swinging
Batting: LHB Takuya Uchida 0-0: Called Strike
0-1: Ball
1-1: Ball
2-1: Called Strike
2-2: Foul Ball, location: 2F
2-2: Foul Ball, location: 2F
2-2: Foul Ball, location: 2F
2-2: Foul Ball, location: 2F
2-2: Strikes out looking
Top of the 3rd over - 1 run, 2 hits, 0 errors, 1 left on base; Erie 2 - Trenton 0
BOTTOM OF THE 3RD
Trenton Thunder batting - Pitching for Erie SeaWolves : RHP Branden Maynard
Batting: RHB Roberto Tena 0-0: Swinging Strike
0-1: Ball
1-1: Swinging Strike
1-2: Ball
2-2: Ball
3-2: Base on Balls
Batting: SHB Edwin Dominguez 0-0: Ball
Roberto Tena is caught stealing 2nd base 2-6
1-0: Ground out 6-3 (Groundball, 6M, EV 81.9 MPH)
Batting: LHB Joel Vera 0-0: Called Strike
0-1: Foul Ball, location: 2F
0-2: Foul Ball, location: 2F
0-2: Ball
1-2: Foul Ball, location: 2F
1-2: Ball
2-2: Foul Ball, location: 2F
2-2: Foul Ball, location: 2F
2-2: Fly out, F8 (Flyball, 78M, EV 88.8 MPH)
Bottom of the 3rd over - 0 runs, 0 hits, 0 errors, 0 left on base; Erie 2 - Trenton 0
TOP OF THE 4TH
Erie SeaWolves batting - Pitching for Trenton Thunder : RHP John Robidoux
Batting: SHB Andy Vivas 0-0: Called Strike
0-1: Ball
1-1: Ball
2-1: Foul Ball, location: 2F
2-2: Foul Ball, location: 2F
2-2: Ball
3-2: Ground out 3-1 (Groundball, 34S, EV 85.0 MPH)
Batting: LHB Howie Gutierrez 0-0: Ball
1-0: Ball
2-0: Ball
3-0: Called Strike
3-1: Ground out 4-3 (Groundball, 34, EV 99.4 MPH)
Batting: RHB Miguel Nunez 0-0: Ball
1-0: Fly out, F6 (Flyball, 56D, EV 88.8 MPH)
Top of the 4th over - 0 runs, 0 hits, 0 errors, 0 left on base; Erie 2 - Trenton 0
BOTTOM OF THE 4TH
Trenton Thunder batting - Pitching for Erie SeaWolves : RHP Branden Maynard
Batting: LHB Mike DiNardo 0-0: Ball
1-0: Ball
2-0: Ground out 4-3 (Groundball, 4, EV 98.8 MPH)
Batting: SHB Victor Ruiz 0-0: Called Strike
0-1: Ball
1-1: Swinging Strike
1-2: Ball
2-2: Ball
3-2: Foul Ball, location: 2F
3-2: Foul Ball, location: 2F
3-2: Ground out 4-3 (Groundball, 4S, EV 63.8 MPH)
Batting: SHB Blake Abbott 0-0: Foul Ball, location: 2F
0-1: Foul Ball, location: 2F
0-2: Strikes out swinging
Bottom of the 4th over - 0 runs, 0 hits, 0 errors, 0 left on base; Erie 2 - Trenton 0
TOP OF THE 5TH
Erie SeaWolves batting - Pitching for Trenton Thunder : RHP John Robidoux
Batting: RHB Yaremka Rzhevsky 0-0: Ball
1-0: Called Strike
1-1: Called Strike
1-2: Strikes out swinging
Batting: SHB Adam Weber 0-0: Called Strike
0-1: Swinging Strike
0-2: Ball
1-2: Foul Ball, location: 2F
1-2: Ball
2-2: Ball
3-2: Fly out, F9 (Flyball, 89S, EV 91.9 MPH)
Pitching: LHP Steve McClain
Batting: LHB Freddy Troncoso 0-0: Fly out, F8 (Flyball, 8LM, EV 90.6 MPH)
Top of the 5th over - 0 runs, 0 hits, 0 errors, 0 left on base; Erie 2 - Trenton 0
BOTTOM OF THE 5TH
Trenton Thunder batting - Pitching for Erie SeaWolves : RHP Branden Maynard
Batting: RHB Mike Gifford 0-0: Ball
1-0: Swinging Strike
1-1: Ball
2-1: Ball
3-1: Base on Balls
Batting: LHB Alexis Montoya 0-0: SINGLE (Groundball, 34D, EV 101.9 MPH)
Mike Gifford to second
Runner from 2nd tries for 3rd, SAFE, no throw by RF
Batting: LHB Jose Lebron 0-0: Called Strike
0-1: Foul Ball, location: 2F
0-2: Ball
1-2: Ball
2-2: Fly out, F9 (Flyball, 89D, EV 85.0 MPH)
Runner from 3rd tags up, SCORES, throw by RF
Batting: RHB Roberto Tena 0-0: SINGLE (Line Drive, 7, EV 101.2 MPH)
Alexis Montoya to second
Batting: SHB Edwin Dominguez 0-0: SINGLE (Groundball, 4MD, EV 110.6 MPH)
Alexis Montoya to third
Roberto Tena to second
Batting: LHB Joel Vera 0-0: Swinging Strike
0-1: Foul Ball, location: 2F
0-2: Foul Ball, location: 2F
0-2: Strikes out looking
Batting: LHB Mike DiNardo 0-0: Swinging Strike
0-1: Foul Ball, location: 2F
0-2: Strikes out swinging
Bottom of the 5th over - 1 run, 3 hits, 0 errors, 3 left on base; Erie 2 - Trenton 1
TOP OF THE 6TH
Erie SeaWolves batting - Pitching for Trenton Thunder : LHP Steve McClain
Batting: RHB Bill Cabrera 0-0: Swinging Strike
0-1: Foul Ball, location: 2F
0-2: Ball
1-2: Strikes out looking
Batting: RHB Eric Angelle 0-0: Ball
1-0: Foul Ball, location: 2F
1-1: Ball
2-1: Foul Ball, location: 2F
2-2: Foul Ball, location: 2F
2-2: Ground out 6-3 (Groundball, 6M, EV 90.0 MPH)
Batting: LHB Takuya Uchida 0-0: Ball
1-0: Foul Ball, location: 2F
1-1: Foul Ball, location: 2F
1-2: Ball
2-2: DOUBLE (Flyball, 78D, EV 103.1 MPH)
Batting: SHB Andy Vivas 0-0: DOUBLE (Flyball, 78D, EV 96.2 MPH)
Takuya Uchida scores
Batting: LHB Howie Gutierrez 0-0: Called Strike
0-1: Foul Ball, location: 2F
0-2: Ball
1-2: Strikes out swinging
Top of the 6th over - 1 run, 2 hits, 0 errors, 1 left on base; Erie 3 - Trenton 1
BOTTOM OF THE 6TH
Trenton Thunder batting - Pitching for Erie SeaWolves : RHP Branden Maynard
Batting: SHB Victor Ruiz 0-0: Called Strike
0-1: Swinging Strike
0-2: Foul Ball, location: 2F
0-2: Fly out, F2 (Popup, 15S, EV 91.9 MPH)
Batting: SHB Blake Abbott 0-0: Ball
1-0: TRIPLE (Flyball, 8LXD, EV 97.5 MPH)
Batting: RHB Mike Gifford 0-0: Called Strike
0-1: Ball
1-1: Fly out, F8 (Flyball, 8LD, EV 103.1 MPH)
Runner from 3rd tags up, SCORES, throw by CF
Batting: LHB Alexis Montoya 0-0: Ball
1-0: Ball
2-0: Foul Ball, location: 2F
2-1: Ball
3-1: Foul Ball, location: 2F
3-2: Foul Ball, location: 2F
3-2: Fly out, F3 (Line Drive, 3, EV 70.6 MPH)
Bottom of the 6th over - 1 run, 1 hit, 0 errors, 0 left on base; Erie 3 - Trenton 2
TOP OF THE 7TH
Erie SeaWolves batting - Pitching for Trenton Thunder : LHP Steve McClain
Pitching: RHP Jake Visconti
Batting: RHB Miguel Nunez 0-0: Ball
1-0: Called Strike
1-1: Ball
2-1: Ball
3-1: Foul Ball, location: 2F
3-2: DOUBLE (Line Drive, 9LS, EV 90.6 MPH)
Batting: RHB Yaremka Rzhevsky 0-0: Ball
1-0: Fly out, F8 (Flyball, 89D, EV 84.4 MPH)
Runner from 2nd tags up, SAFE at 3rd with throw by CF
Batting: SHB Adam Weber 0-0: Called Strike
0-1: Called Strike
0-2: Ball
1-2: Ball
2-2: Ball
3-2: Base on Balls
Batting: LHB Freddy Troncoso 0-0: Ball
1-0: Fly out, F8 (Flyball, 89XD, EV 96.9 MPH)
Runner from 3rd tags up, SCORES, no throw by CF
Batting: RHB Bill Cabrera 0-0: Foul Ball, location: 2F
0-1: Ball
1-1: Foul Ball, location: 2F
1-2: Ball
Adam Weber is caught stealing 2nd base 2-4
Top of the 7th over - 1 run, 1 hit, 0 errors, 0 left on base; Erie 4 - Trenton 2
BOTTOM OF THE 7TH
Trenton Thunder batting - Pitching for Erie SeaWolves : RHP Branden Maynard
Pitching: LHP Travis Sergo
Batting: LHB Jose Lebron 0-0: Called Strike
0-1: Ball
1-1: Called Strike
1-2: Ball
2-2: Strikes out looking
Batting: RHB Roberto Tena 0-0: Called Strike
0-1: Swinging Strike
0-2: Strikes out swinging
Batting: SHB Edwin Dominguez 0-0: Called Strike
0-1: Called Strike
0-2: Ball
1-2: Ball
2-2: Foul Ball, location: 2F
2-2: Foul Ball, location: 2F
2-2: Ball
3-2: Strikes out swinging
Bottom of the 7th over - 0 runs, 0 hits, 0 errors, 0 left on base; Erie 4 - Trenton 2
TOP OF THE 8TH
Erie SeaWolves batting - Pitching for Trenton Thunder : RHP Jake Visconti
Pitching: RHP Craig Murphy
Batting: RHB Bill Cabrera 0-0: Foul Ball, location: 2F
0-1: Foul Ball, location: 2F
0-2: Ball
1-2: Strikes out swinging
Batting: RHB Eric Angelle 0-0: Ball
1-0: Fly out, F9 (Flyball, 9S, EV 86.9 MPH)
Batting: LHB Takuya Uchida 0-0: Called Strike
0-1: Ball
1-1: Swinging Strike
1-2: Ball
2-2: Reached on error, E5 (Groundball, 6, EV 106.9 MPH)
Batting: SHB Andy Vivas 0-0: Ball
1-0: Fly out, F9 (Line Drive, 9, EV 104.4 MPH)
Top of the 8th over - 0 runs, 0 hits, 1 error, 1 left on base; Erie 4 - Trenton 2
BOTTOM OF THE 8TH
Trenton Thunder batting - Pitching for Erie SeaWolves : LHP Travis Sergo
Batting: LHB Joel Vera 0-0: Swinging Strike
0-1: Ball
1-1: Ball
2-1: Fly out, F7 (Line Drive, 7, EV 88.1 MPH)
Batting: SHB Mukhtar Wa'il 0-0: Ball
1-0: Ball
2-0: Called Strike
2-1: Ball
3-1: Foul Ball, location: 2F
3-2: Base on Balls
Batting: SHB Victor Ruiz 0-0: Foul Ball, location: 2F
0-1: Foul Ball, location: 2F
0-2: Ball
1-2: Ball
2-2: SINGLE (Line Drive, 89S, EV 106.9 MPH)
Mukhtar Wa'il to second
Pinch Runner at 2nd Phil Corliss:
Batting: SHB Blake Abbott 0-0: Fly out, F3 (Popup, 3S, EV 76.9 MPH)
Batting: RHB Mike Gifford 0-0: Called Strike
0-1: Foul Ball, location: 2F
0-2: Ball
1-2: Foul Ball, location: 2F
1-2: Strikes out swinging
Bottom of the 8th over - 0 runs, 1 hit, 0 errors, 2 left on base; Erie 4 - Trenton 2
TOP OF THE 9TH
Erie SeaWolves batting - Pitching for Trenton Thunder : RHP Craig Murphy
Pitching: RHP Antonio Castillo
Batting: LHB Howie Gutierrez 0-0: Called Strike
0-1: Ball
1-1: Foul Ball, location: 2F
1-2: Foul Ball, location: 2F
1-2: Foul Ball, location: 2F
1-2: Ball
2-2: Ball
3-2: Strikes out swinging
Batting: RHB Miguel Nunez 0-0: Ball
1-0: SINGLE (Groundball, 56D, EV 99.4 MPH)
Batting: RHB Yaremka Rzhevsky 0-0: Called Strike
0-1: Ball
1-1: Ground out U3 (Groundball, 3L, EV 86.2 MPH)
Miguel Nunez to second
Batting: SHB Adam Weber 0-0: Ball
1-0: Foul Ball, location: 2F
1-1: Ball
2-1: Ball
3-1: Foul Ball, location: 2F
3-2: SINGLE (Line Drive, 56, EV 105.0 MPH)
Miguel Nunez to third
Batting: LHB Freddy Troncoso 0-0: Ball
1-0: Ball
2-0: Fly out, F8 (Flyball, 8LD, EV 72.5 MPH)
Top of the 9th over - 0 runs, 2 hits, 0 errors, 2 left on base; Erie 4 - Trenton 2
BOTTOM OF THE 9TH
Trenton Thunder batting - Pitching for Erie SeaWolves : LHP Travis Sergo
Pitching: RHP Chris Haselhorst
Now in LF: Mike Olsen
Batting: LHB Alexis Montoya 0-0: Called Strike
0-1: Ball
1-1: Swinging Strike
1-2: Strikes out looking
Batting: LHB Jose Lebron 0-0: Ball
1-0: Ground out 4-3 (Groundball, 4, EV 106.9 MPH)
Batting: RHB Roberto Tena 0-0: Fly out, F9 (Flyball, 9S, EV 82.5 MPH)
Bottom of the 9th over - 0 runs, 0 hits, 0 errors, 0 left on base; Erie 4 - Trenton 2
Wednesday, June 22nd , 2022 - OOTP Baseball 23.4 Build 64